 Dungeon Crawl Stone Soup version 0.22-a0-135-g6f012ad (webtiles) character file.

3103 KristoblXynda the Thaumaturge (level 9, 0/74 HPs)
             Began as a Purple Draconian Conjurer on Feb 1, 2018.
             Was an Initiate of Vehumet.
             Shot with an arrow by a centaur (4 damage)
             ... on level 7 of the Dungeon.
             The game lasted 00:19:46 (9178 turns).

KristoblXynda the Thaumaturge (DrCj)                Turns: 9178, Time: 00:19:47

Health: 0/74       AC:  8    Str: 10    XL:     9   Next: 59%
Magic:  4/22       EV: 12    Int: 18    God:    Vehumet [......]
Gold:   0          SH:  3    Dex: 13    Spells: 19/27 levels left

rFire    . . .     SeeInvis .   e - +0 whip
rCold    . . .     Gourm    .   (no shield)
rNeg     . . .     Faith    .   (armour unavailable)
rPois    .         Spirit   .   (helmet restricted)
rElec    .         Reflect  +   (no cloak)
rCorr    .         Harm     .   (no gloves)
MR       +....                  n - +0 pair of boots
Stlth    ++........             d - +3 amulet of reflection
HPRegen  0.22/turn              (no ring)
MPRegen  0.18/turn              (no ring)

@: no status effects
A: breathe power, unfitting armour, cold-blooded, AC +7
a: Breathe Dispelling Energy, Renounce Religion


You were on level 7 of the Dungeon.
You worshipped Vehumet.
Vehumet was noncommittal.
You were not hungry.

You visited 2 branches of the dungeon, and saw 9 of its levels.

Inventory:

Hand Weapons
 e - a +0 whip (weapon)
Armour
 n - a +0 pair of boots (worn)
 u - +0 gold dragon scales
Jewellery
 d - a +3 amulet of reflection (around neck)
Wands
 s - a wand of enslavement (15)
Scrolls
 f - 3 scrolls of remove curse
 h - 2 scrolls of amnesia {unknown}
 i - a scroll of random uselessness {unknown}
 m - a scroll of magic mapping {unknown}
 o - a scroll of identify
 q - a scroll of enchant weapon {unknown}
 t - a scroll of fog {unknown}
Potions
 j - a potion of flight
 k - a potion of might
 l - a potion of invisibility
 r - a potion of resistance
Books
 a - a book of Conjurations

   Spells                             Type                      Level
   a - Magic Dart                     Conjuration                  1
   b - Searing Ray                    Conjuration                  2
   c - Dazzling Spray                 Conjuration/Hexes            3
   d - Fulminant Prism                Conjuration/Hexes            4
   e - Force Lance                    Conjuration/Translocation    4
   f - Iskenderun's Mystic Blast      Conjuration                  4
Comestibles
 b - 11 rations


   Skills:
 - Level 5.0 Fighting
 + Level 3.5 Maces & Flails
 - Level 1.7 Dodging
 - Level 1.7 Stealth
 + Level 9.6 Spellcasting
 + Level 9.4 Conjurations


You had 19 spell levels left.
You knew the following spells:

 Your Spells              Type           Power        Failure   Level  Hunger
a - Magic Dart            Conj           ####         1%          1    None
b - Dazzling Spray        Conj/Hex       ####..       3%          3    None
c - Iskenderun's Mystic   Conj           #####...     1%          4    ###....


Dungeon Overview and Level Annotations

Branches:
Dungeon (8/15)             Temple (1/1) D:6
   Lair: D:8-11

Altars:
Ashenzari
Cheibriados
Dithmenos
Elyvilon
Fedhas
Gozag
Hepliaklqana
Kikubaaqudgha
Makhleb
Nemelex Xobeh
Okawaru
Qazlal
Ru
Sif Muna
Trog
Uskayaw
Vehumet
Wu Jian
Xom
Yredelemnul
Zin
The Shining One

Annotations:
D:7 Maurice


Innate Abilities, Weirdness & Mutations

You can breathe bolts of dispelling energy.
Your rich purple scales are hard. (AC +7)
You cannot fit into any form of body armour.
You are cold-blooded and may be slowed by cold attacks.


Message History

You feel yourself slow down.
Casting: Magic Dart (safe; 1% risk of failure)
Confirm with . or Enter, or press ? or * to list all spells.
Okay, then.
You start resting.
Casting: Magic Dart (safe; 1% risk of failure)
Confirm with . or Enter, or press ? or * to list all spells.
Okay, then.
Unknown command.
Casting: Magic Dart (safe; 1% risk of failure)
Confirm with . or Enter, or press ? or * to list all spells.
Aiming: Dazzling Spray (safe; 3% risk of failure)
Press: ? - help, Shift-Dir - straight line, f - centaur
Aim: a centaur, wielding a shortbow of velocity The spray of energy hits the centaur.
The centaur is lightly wounded.
The centaur is dazzled.
The centaur shoots an arrow.
The arrow closely misses you.
The centaur shoots an arrow.
The arrow hits you!
* * * LOW HITPOINT WARNING * * *
You die...

####.......## ....
#..........#. ....
###..........#. ..........#
#......# ####..
......c...###......###.....
..>.........(..............
.........#.................
.........#.................
##.......#@..........#.....
..$......#.......##..#.#...
.......((c.......##..#.#...
...###............#........
#....#######'#.#..##..
......... ..........
........##. ....##.#####
#........# ......##.#....
+.###....# ..... .......


You could see a centaur (blind).

Vanquished Creatures
  The ghost of Meriados the Spear-Bearer, a novice MfIE (D:7)
  Psyche (D:7)
  Prince Ribbit (D:6)
  A hippogriff (D:7)
  Eustachio (D:6)
  Menkaure (D:6)
  The ghost of Xenophilius the Ruffian, an amateur TrFi (D:5)
  2 ice beasts (D:6)
  A sky beast (D:6)
  A black bear (D:2)
  4 ogres
  A centaur (D:6)
  A big kobold (D:7)
  A water moccasin zombie (D:5)
  A wyvern skeleton (D:6)
  A scorpion (D:4)
  3 howler monkeys
  A bullfrog zombie (D:7)
  2 crimson imps (D:5)
  An orc priest (D:3)
  3 orc wizards
  5 worker ants
  A hound skeleton (D:6)
  A hound zombie (D:5)
  Robin (D:4)
  7 adders
  8 gnolls
  3 adder skeletons
  5 worms
  A dart slug (D:3)
  4 leopard geckos
  6 orcs
  3 ball pythons
  5 giant cockroaches
  10 goblins
  11 hobgoblins
  6 jackals
  9 kobolds
  2 quokkas
  9 bats
  6 frilled lizards
  A leopard gecko skeleton (D:4)
  A quokka skeleton (D:6)
  11 rats
146 creatures vanquished.

Notes
Turn   | Place    | Note
-------+----------+-------------------------------------------
     0 | D:1      | KristoblXynda the Draconian Conjurer began the quest for the Orb.
     0 | D:1      | Reached XP level 1. HP: 14/14 MP: 3/3
   354 | D:1      | Reached XP level 2. HP: 20/20 MP: 3/5
   957 | D:2      | Reached XP level 3. HP: 18/26 MP: 1/7
   962 | D:2      | Learned a level 3 spell: Dazzling Spray
  1307 | D:2      | Noticed a black bear
  1333 | D:2      | Reached XP level 4. HP: 26/33 MP: 1/8
  1488 | D:2      | Reached skill level 5 in Conjurations
  2003 | D:2      | Killed a black bear
  2003 | D:2      | Reached XP level 5. HP: 38/38 MP: 3/11
  2769 | D:3      | Reached XP level 6. HP: 41/45 MP: 2/12
  3178 | D:4      | Reached skill level 1 in Fighting
  3437 | D:4      | Noticed Robin
  3486 | D:4      | Killed Robin
  3639 | D:4      | Reached skill level 5 in Spellcasting
  3639 | D:4      | Your scales start taking on a rich purple colour.
  3639 | D:4      | Reached XP level 7. HP: 53/53 MP: 8/16
  4732 | D:5      | Entered Level 5 of the Dungeon
  4986 | D:5      | Found a basalt altar of Yredelemnul.
  4986 | D:5      | Noticed Xenophilius's ghost (amateur TrFi)
  5031 | D:5      | Killed Xenophilius's ghost
  6041 | D:6      | Noticed Menkaure
  6045 | D:6      | Killed Menkaure
  6045 | D:6      | Reached XP level 8. HP: 48/63 MP: 13/19
  6123 | D:6      | Noticed Prince Ribbit
  6132 | D:6      | Killed Prince Ribbit
  6687 | D:6      | Learned a level 4 spell: Iskenderun's Mystic Blast
  7244 | D:6      | Noticed Eustachio
  7378 | D:6      | Killed Eustachio
  7493 | D:6      | Reached skill level 5 in Fighting
  7590 | D:6      | Reached XP level 9. HP: 74/74 MP: 16/21
  7604 | D:6      | Found a staircase to the Ecumenical Temple.
  7623 | Temple   | Entered the Ecumenical Temple
  7793 | Temple   | Became a worshipper of Vehumet
  7958 | D:7      | Reached skill level 1 in Maces & Flails
  8651 | D:7      | Noticed Meriados's ghost (novice MfIE)
  8718 | D:8      | Noticed Maurice
  8722 | D:8      | Noticed Psyche
  8739 | D:7      | Killed Psyche
  8991 | D:7      | Paralysed by something for 3 turns
  9133 | D:7      | Killed Meriados's ghost
  9178 | D:7      | Shot with an arrow by a centaur

Vault maps used:
D:1:      zelgadis_glass_arrival_small
D:2:      supply_closet_lemuel
D:3:      first_ration
D:4:      uniq_robin
D:5:      yredelemnul_altar_generic, small_statue_alley_b
D:6:      minmay_temple_entry_hall, uniq_menkaure, uniq_prince_ribbit1,
          uniq_eustachio
D:7:      grunt_livestock, fedhas_altar_2
D:8:      kennysheep_generic_room_2, uniq_maurice, uniq_psyche
Temple:   roderic_octagonal_lattice_temple

Skill      XL: |  1  2  3  4  5  6  7  8  9 |
---------------+----------------------------+-----
Spellcasting   | 3 4 6 7 8 9 |  9.6
Conjurations   | 5 6 7 8 9 |  9.4
Fighting       | 1 3 5 |  5.0
Maces & Flails | 3 |  3.5
Dodging        | |  1.7
Stealth        | |  1.7

Action                   |  1- 3 |  4- 6 |  7- 9 || total
-------------------------+-------+-------+-------++-------
Melee: Whip              |    61 |    87 |   223 ||   371
       Unarmed           |     6 |       |       ||     6
       Tailslap          |     5 |     3 |    19 ||    27
 Cast: Magic Dart        |    61 |   111 |   221 ||   393
       Dazzling Spray    |       |     6 |    17 ||    23
       Iskenderun's Myst |       |       |    11 ||    11
 Abil: Breathe Dispellin |       |       |    12 ||    12
Evoke: Wand              |       |       |     1 ||     1
  Use: Scroll            |     6 |       |     8 ||    14
       Potion            |       |     3 |     5 ||     8
 Stab: Invisible         |       |     1 |       ||     1
       Sleeping          |       |       |     2 ||     2
  Eat: Chunk             |     1 |     5 |     6 ||    12
       Ration            |       |     1 |     5 ||     6
Armor: Skin              |    18 |    71 |   136 ||   225
Dodge: Dodged            |    61 |    46 |   195 ||   302
Block: Other             |       |       |    16 ||    16
       Reflection        |       |       |     1 ||     1

Table legend:
 A = Spawn XP
 B = Non-spawn XP
 C = Spawn XP percentage of total XP
 D = Spawn monster count
 E = Non-spawn monster count
 F = Spawn count percentage of total count
 G = Total turns spent on level
                    A         B        C        D         E        F      G
               +---------+---------+-------+---------+---------+-------+---------
         Total |       0 |    4433 |   0.0 |       0 |     146 |   0.0 |  9178
               +---------+---------+-------+---------+---------+-------+---------
           D:1 |       0 |      33 |   0.0 |       0 |      22 |   0.0 |   906
           D:2 |       0 |     285 |   0.0 |       0 |      29 |   0.0 |  1649
           D:3 |       0 |      94 |   0.0 |       0 |      25 |   0.0 |   618
           D:4 |       0 |     565 |   0.0 |       0 |      19 |   0.0 |  1559
           D:5 |       0 |     445 |   0.0 |       0 |      12 |   0.0 |  1559
           D:6 |       0 |    1428 |   0.0 |       0 |      23 |   0.0 |  1455
           D:7 |       0 |    1570 |   0.0 |       0 |      15 |   0.0 |  1209
           D:8 |       0 |      13 |   0.0 |       0 |       1 |   0.0 |    36
               +---------+---------+-------+---------+---------+-------+---------
